TOP OF THE 1ST |
Anderson Rebels batting - Pitching for Greenville Spinners : RHP Tony Pedroza
|
Pitching: RHP Tony Pedroza
|
|
Batting: RHB Bob Brower
|
0-0: Called Strike 0-1: Called Strike 0-2: Ground out 5-3 (Groundball, 56S, EV 90.0 MPH)
|
Batting: RHB Mike Gallego
|
0-0: Called Strike 0-1: Ball 1-1: Ball 2-1: Foul Ball, location: 2F 2-2: Ball 3-2: Foul Ball, location: 2F 3-2: Fly out, F8 (Line Drive, 8RD, EV 85.6 MPH)
|
Batting: RHB Henry Cotto
|
0-0: Ground out 4-3 (Groundball, 4, EV 88.8 MPH)
|
Top of the 1st over - 0 runs, 0 hits, 0 errors, 0 left on base; Anderson 0 - Greenville 0 |
BOTTOM OF THE 1ST |
Greenville Spinners batting - Pitching for Anderson Rebels : LHP Louis Whetstone
|
Pitching: LHP Louis Whetstone
|
|
Batting: RHB Tony Russell
|
0-0: Ball 1-0: Foul Ball, location: 2F 1-1: Foul Ball, location: 2F 1-2: Ball 2-2: Ball 3-2: SOLO HOME RUN (Flyball, 89XD, EV 94.4 MPH), Distance : 440 ft
|
Batting: RHB Darrell Woodard
|
0-0: DOUBLE (Line Drive, 9LM, EV 99.4 MPH)
|
Batting: RHB Bobby Miscik
|
0-0: Ball 1-0: Foul Ball, location: 2F 1-1: Swinging Strike 1-2: Ball 2-2: Strikes out looking
|
Batting: LHB John Edmonds
|
0-0: Ball Darrell Woodard steals 3rd base 1-0: Ball 2-0: Called Strike 2-1: Foul Ball, location: 2F 2-2: Fly out, F7 (Flyball, 7, EV 81.3 MPH) Runner from 3rd tags up, SCORES, throw by LF
|
Batting: RHB Glenn Robertson
|
0-0: Ball 1-0: Foul Ball, location: 2F 1-1: Ball 2-1: Ground out 6-3 (Groundball, 56D, EV 86.9 MPH)
|
Bottom of the 1st over - 2 runs, 2 hits, 0 errors, 0 left on base; Anderson 0 - Greenville 2 |
TOP OF THE 2ND |
Anderson Rebels batting - Pitching for Greenville Spinners : RHP Tony Pedroza
|
Batting: RHB Larry See
|
0-0: Ball 1-0: Ball 2-0: Foul Ball, location: 2F 2-1: Ball 3-1: Base on Balls
|
Batting: RHB Todd Demeter
|
0-0: Called Strike 0-1: SINGLE (Line Drive, 34D, EV 96.9 MPH) Larry See to second Runner from 2nd tries for 3rd, OUT! 9-5
|
Batting: RHB Juan Blanco
|
0-0: Called Strike 0-1: Swinging Strike Todd Demeter is caught stealing 2nd base 2-4 0-2: Ball 1-2: Ball 2-2: Ground out 6-3 (Groundball, 6, EV 101.9 MPH)
|
Top of the 2nd over - 0 runs, 1 hit, 0 errors, 0 left on base; Anderson 0 - Greenville 2 |
BOTTOM OF THE 2ND |
Greenville Spinners batting - Pitching for Anderson Rebels : LHP Louis Whetstone
|
Batting: RHB Richard Duran
|
0-0: Called Strike 0-1: Ground out 6-3 (Groundball, 6, EV 76.3 MPH)
|
Batting: RHB Michael McEvilly
|
0-0: Ball 1-0: Fly out, F8 (Flyball, 8LM, EV 90.6 MPH)
|
Batting: LHB Tim Jordan
|
0-0: Ball 1-0: Called Strike 1-1: Foul Ball, location: 2F 1-2: Foul Ball, location: 2F 1-2: Foul Ball, location: 2F 1-2: Ball 2-2: Reached via error on a dropped throw from 1B, E1 (Groundball, 34, EV 91.9 MPH)
|
Batting: RHB Luis Salazar
|
0-0: Ball Tim Jordan steals 2nd base 1-0: Called Strike 1-1: Foul Ball, location: 2F 1-2: Ball 2-2: Strikes out swinging
|
Bottom of the 2nd over - 0 runs, 0 hits, 1 error, 1 left on base; Anderson 0 - Greenville 2 |
TOP OF THE 3RD |
Anderson Rebels batting - Pitching for Greenville Spinners : RHP Tony Pedroza
|
Batting: RHB James Christensen
|
0-0: Ball 1-0: Foul Ball, location: 2F 1-1: Foul Ball, location: 2F 1-2: Ball 2-2: Strikes out looking
|
Batting: RHB Roberto Dennis
|
0-0: Ball 1-0: Ball 2-0: Foul Ball, location: 2F 2-1: Ball 3-1: SINGLE (Groundball, 6MD, EV 101.3 MPH) (infield hit)
|
Batting: LHB Tad Venger
|
0-0: Called Strike 0-1: Ball 1-1: Ball 2-1: Called Strike 2-2: Grounds into double play, 4-6-3 (Groundball, 4, EV 110.0 MPH)
|
Top of the 3rd over - 0 runs, 1 hit, 0 errors, 0 left on base; Anderson 0 - Greenville 2 |
BOTTOM OF THE 3RD |
Greenville Spinners batting - Pitching for Anderson Rebels : LHP Louis Whetstone
|
Batting: RHB Tony Russell
|
0-0: Fly out, F7 (Flyball, 7S, EV 86.9 MPH)
|
Batting: RHB Darrell Woodard
|
0-0: Bunt missed! 0-1: Ground out 3-1 (Groundball, 34, EV 83.8 MPH)
|
Batting: RHB Bobby Miscik
|
0-0: Fly out, F8 (Line Drive, 8RM, EV 97.5 MPH)
|
Bottom of the 3rd over - 0 runs, 0 hits, 0 errors, 0 left on base; Anderson 0 - Greenville 2 |
TOP OF THE 4TH |
Anderson Rebels batting - Pitching for Greenville Spinners : RHP Tony Pedroza
|
Batting: RHB Bob Brower
|
0-0: Ball 1-0: Fly out, F8 (Flyball, 89XD, EV 101.3 MPH)
|
Batting: RHB Mike Gallego
|
0-0: Foul Ball, location: 2F 0-1: Ground out 6-3 (Groundball, 56, EV 100.0 MPH)
|
Batting: RHB Henry Cotto
|
0-0: Called Strike 0-1: Ground out 4-3 (Groundball, 4M, EV 83.8 MPH)
|
Top of the 4th over - 0 runs, 0 hits, 0 errors, 0 left on base; Anderson 0 - Greenville 2 |
BOTTOM OF THE 4TH |
Greenville Spinners batting - Pitching for Anderson Rebels : LHP Louis Whetstone
|
Batting: LHB John Edmonds
|
0-0: Ball 1-0: SOLO HOME RUN (Flyball, 9LD, EV 92.5 MPH), Distance : 342 ft
|
Batting: RHB Glenn Robertson
|
0-0: DOUBLE (Groundball, 3L, EV 100.6 MPH)
|
Batting: RHB Richard Duran
|
0-0: Called Strike 0-1: Foul Ball, location: 2F 0-2: Ball 1-2: Ball 2-2: Foul Ball, location: 2F 2-2: Fly out, F3 (Popup, 3F, EV 75.0 MPH)
|
Batting: RHB Michael McEvilly
|
0-0: Ball 1-0: Called Strike 1-1: Fly out, F9 (Flyball, 9D, EV 94.4 MPH) Runner from 2nd tags up, SAFE at 3rd with throw by RF
|
Batting: LHB Tim Jordan
|
0-0: Foul Ball, location: 2F 0-1: Swinging Strike 0-2: Ball 1-2: Strikes out looking
|
Bottom of the 4th over - 1 run, 2 hits, 0 errors, 1 left on base; Anderson 0 - Greenville 3 |
TOP OF THE 5TH |
Anderson Rebels batting - Pitching for Greenville Spinners : RHP Tony Pedroza
|
Batting: RHB Larry See
|
0-0: Ball 1-0: Ball 2-0: Called Strike 2-1: Called Strike 2-2: Fly out, F9 (Line Drive, 9S, EV 105.0 MPH)
|
Batting: RHB Todd Demeter
|
0-0: Called Strike 0-1: Ball 1-1: Ball 2-1: Foul Ball, location: 2F 2-2: Ball 3-2: Foul Ball, location: 2F 3-2: Base on Balls
|
Batting: RHB Juan Blanco
|
0-0: Fly out, F7 (Line Drive, 7, EV 111.9 MPH)
|
Batting: RHB James Christensen
|
0-0: Ball 1-0: Swinging Strike 1-1: Ground out 4-3 (Groundball, 34, EV 90.0 MPH)
|
Top of the 5th over - 0 runs, 0 hits, 0 errors, 1 left on base; Anderson 0 - Greenville 3 |
BOTTOM OF THE 5TH |
Greenville Spinners batting - Pitching for Anderson Rebels : LHP Louis Whetstone
|
Batting: RHB Luis Salazar
|
0-0: Ball 1-0: Ball 2-0: Swinging Strike 2-1: Called Strike 2-2: Foul Ball, location: 2F 2-2: Foul Ball, location: 2F 2-2: Strikes out looking
|
Batting: RHB Tony Russell
|
0-0: Called Strike 0-1: Called Strike 0-2: Ball 1-2: Ground out 4-3 (Groundball, 4, EV 90.6 MPH)
|
Batting: RHB Darrell Woodard
|
0-0: Foul Ball, location: 2F 0-1: Ball 1-1: Ball 2-1: Fly out, F8 (Flyball, 8LM, EV 91.3 MPH)
|
Bottom of the 5th over - 0 runs, 0 hits, 0 errors, 0 left on base; Anderson 0 - Greenville 3 |
TOP OF THE 6TH |
Anderson Rebels batting - Pitching for Greenville Spinners : RHP Tony Pedroza
|
Batting: RHB Roberto Dennis
|
0-0: Ball 1-0: SINGLE (Line Drive, 7S, EV 104.4 MPH)
|
Batting: LHB Tad Venger
|
0-0: Fielders Choice at 2nd, 4-6 (Groundball, 4, EV 77.5 MPH)
|
Batting: RHB Bob Brower
|
0-0: Ball 1-0: Ball 2-0: Ball 3-0: Called Strike 3-1: Base on Balls Tad Venger to second
|
Batting: RHB Mike Gallego
|
0-0: Ball 1-0: Ball 2-0: DOUBLE (Line Drive, 89D, EV 115.0 MPH) Tad Venger scores Bob Brower to third
|
Batting: RHB Henry Cotto
|
0-0: Swinging Strike 0-1: SINGLE (Groundball, 56D, EV 108.1 MPH) Bob Brower scores Mike Gallego to third
|
Batting: RHB Larry See
|
0-0: Foul Ball, location: 2F 0-1: Ball 1-1: Called Strike 1-2: Foul Ball, location: 2F 1-2: Foul Ball, location: 2F 1-2: Strikes out looking
|
Batting: RHB Todd Demeter
|
0-0: Ball 1-0: Called Strike 1-1: Ball 2-1: Ball 3-1: Foul Ball, location: 2F 3-2: Foul Ball, location: 2F 3-2: Foul Ball, location: 2F 3-2: Ground out 4-3 (Groundball, 4, EV 82.5 MPH)
|
Top of the 6th over - 2 runs, 3 hits, 0 errors, 2 left on base; Anderson 2 - Greenville 3 |
BOTTOM OF THE 6TH |
Greenville Spinners batting - Pitching for Anderson Rebels : LHP Louis Whetstone
|
Batting: RHB Bobby Miscik
|
0-0: Foul Ball, location: 2F 0-1: Ball 1-1: Foul Ball, location: 2F 1-2: Ball 2-2: Fly out, F4 (Flyball, 4MD, EV 92.5 MPH)
|
Batting: LHB John Edmonds
|
0-0: Called Strike 0-1: Foul Ball, location: 2F 0-2: Foul Ball, location: 2F 0-2: Ball 1-2: Ball 2-2: Foul Ball, location: 2F 2-2: Ball 3-2: Strikes out swinging
|
Batting: RHB Glenn Robertson
|
0-0: Ball 1-0: Ball 2-0: Called Strike 2-1: Foul Ball, location: 2F 2-2: Foul Ball, location: 2F 2-2: Foul Ball, location: 2F 2-2: Ball 3-2: Fly out, F8 (Flyball, 8RD, EV 93.8 MPH)
|
Bottom of the 6th over - 0 runs, 0 hits, 0 errors, 0 left on base; Anderson 2 - Greenville 3 |
TOP OF THE 7TH |
Anderson Rebels batting - Pitching for Greenville Spinners : RHP Tony Pedroza
|
Batting: RHB Juan Blanco
|
0-0: Ball 1-0: SINGLE (Groundball, 6MD, EV 100.0 MPH) (infield hit)
|
Batting: RHB James Christensen
|
0-0: Grounds into double play, 6-4-3 (Groundball, 6, EV 82.5 MPH)
|
Batting: RHB Roberto Dennis
|
0-0: Called Strike 0-1: Ball 1-1: Swinging Strike 1-2: Ball 2-2: Strikes out swinging
|
Top of the 7th over - 0 runs, 1 hit, 0 errors, 0 left on base; Anderson 2 - Greenville 3 |
BOTTOM OF THE 7TH |
Greenville Spinners batting - Pitching for Anderson Rebels : LHP Louis Whetstone
|
Batting: RHB Richard Duran
|
0-0: Called Strike 0-1: Swinging Strike 0-2: Strikes out swinging
|
Batting: RHB Michael McEvilly
|
0-0: Ball 1-0: Foul Ball, location: 2F 1-1: Fly out, F8 (Flyball, 8RD, EV 104.4 MPH)
|
Batting: LHB Tim Jordan
|
0-0: Ball 1-0: Fly out, F6 (Popup, 6M, EV 79.4 MPH)
|
Bottom of the 7th over - 0 runs, 0 hits, 0 errors, 0 left on base; Anderson 2 - Greenville 3 |
TOP OF THE 8TH |
Anderson Rebels batting - Pitching for Greenville Spinners : RHP Tony Pedroza
|
Batting: LHB Tad Venger
|
0-0: Foul Ball, location: 2F 0-1: Ball 1-1: Swinging Strike 1-2: Ball 2-2: Ball 3-2: Ground out 4-3 (Groundball, 34S, EV 86.3 MPH)
|
Batting: RHB Bob Brower
|
0-0: Called Strike 0-1: Swinging Strike 0-2: Ball 1-2: Foul Ball, location: 2F 1-2: Foul Ball, location: 2F 1-2: Ball 2-2: Ball 3-2: Strikes out swinging
|
Batting: RHB Mike Gallego
|
0-0: Ball 1-0: Called Strike 1-1: Called Strike 1-2: Ball 2-2: Foul Ball, location: 2F 2-2: Ground out 4-3 (Groundball, 34, EV 86.3 MPH)
|
Top of the 8th over - 0 runs, 0 hits, 0 errors, 0 left on base; Anderson 2 - Greenville 3 |
BOTTOM OF THE 8TH |
Greenville Spinners batting - Pitching for Anderson Rebels : LHP Louis Whetstone
|
Batting: RHB Luis Salazar
|
0-0: Ball 1-0: Called Strike 1-1: Foul Ball, location: 2F 1-2: Ball 2-2: Foul Ball, location: 2F 2-2: Strikes out swinging
|
Batting: RHB Tony Russell
|
0-0: Called Strike 0-1: Ball 1-1: Ball 2-1: Ball 3-1: Base on Balls
|
Batting: RHB Darrell Woodard
|
0-0: Ball 1-0: Ball 2-0: Called Strike 2-1: Called Strike 2-2: DOUBLE (Line Drive, 3D, EV 95.6 MPH) Tony Russell to third Runner from 3rd tries for Home, SAFE, no throw by RF
|
Batting: RHB Bobby Miscik
|
0-0: Intentional Walk
|
Batting: LHB John Edmonds
|
0-0: Ball 1-0: Called Strike 1-1: Called Strike 1-2: Foul Ball, location: 2F 1-2: Fielders Choice at 2nd, 4-6 (Groundball, 4, EV 98.8 MPH) Darrell Woodard to third
|
Batting: RHB Glenn Robertson
|
0-0: Ball 1-0: Ball Wild Pitch! Darrell Woodard scores John Edmonds to second 2-0: Fly out, F4 (Popup, 4D, EV 74.4 MPH)
|
Bottom of the 8th over - 2 runs, 1 hit, 0 errors, 1 left on base; Anderson 2 - Greenville 5 |
TOP OF THE 9TH |
Anderson Rebels batting - Pitching for Greenville Spinners : RHP Tony Pedroza
|
Batting: RHB Henry Cotto
|
0-0: Ball 1-0: Fly out, F9 (Line Drive, 9D, EV 85.0 MPH)
|
Batting: RHB Larry See
|
0-0: Called Strike 0-1: Ball 1-1: Swinging Strike 1-2: Ball 2-2: Foul Ball, location: 2F 2-2: Strikes out swinging
|
Batting: RHB Todd Demeter
|
0-0: Ball 1-0: Ball 2-0: Ball 3-0: Base on Balls
|
Batting: RHB Juan Blanco
|
0-0: Called Strike 0-1: Ball 1-1: SINGLE (Groundball, P, EV 86.9 MPH) (infield hit) Todd Demeter to second
|
Pitching: RHP Scott Farmer
|
|
Pinch Hitting: LHB Eli Aldridge
|
0-0: Called Strike 0-1: Foul Ball, location: 2F 0-2: Ball 1-2: Foul Ball, location: 2F 1-2: Ball 2-2: Foul Ball, location: 2F 2-2: SINGLE (Flyball, 7LS, EV 93.1 MPH) Todd Demeter to third Juan Blanco to second
|
Batting: RHB Roberto Dennis
|
0-0: Ball 1-0: Ball 2-0: Ball 3-0: Called Strike 3-1: Foul Ball, location: 2F 3-2: SINGLE (Line Drive, 89S, EV 106.3 MPH) Todd Demeter scores Juan Blanco to third Eli Aldridge to second Juan Blanco scores Eli Aldridge to third
|
Batting: LHB Tad Venger
|
0-0: Ball 1-0: Fly out, F6 (Popup, 4M, EV 55.0 MPH)
|
Top of the 9th over - 2 runs, 3 hits, 0 errors, 2 left on base; Anderson 4 - Greenville 5 |
|